Map: [EWC] Ghost River

Players

Maru - Winner!

  • Race: Terran Terran
  • Spawn Location: 11:00

Oliveira

  • Race: Terran Terran
  • Spawn Location: 1:00

Event: Esports World Cup 2024

VOD

Have the link to the VOD?

Description

Time

  • Played on: Aug. 15, 2024, 5:41 a.m.
  • Length: 6:13

All games in this series

Show
View Real Time Build Order
Export as new Build Order

Maru Terran - Winner!

Build Orders:  

Get SALT Encoding   

  12  0:00  SCV  
  13  0:12  SCV  
  14  0:17  Supply Depot  
  14  0:24  SCV  
  15  0:40  Barracks  
  15  0:43  Refinery  
  15  0:52  Barracks  
  15  0:56  SCV  
  16  1:08  SCV  
  16  1:09  Refinery  
  17  1:20  SCV  
  18  1:27  Reaper  
  19  1:34  Supply Depot  
  19  1:41  Reaper  
  19  1:46  Orbital Command  
  20  1:59  Reaper  
  21  2:06  Factory  
  21  2:12  SCV  
  22  2:17  Reaper  
  23  2:24  SCV  
  24  2:33  Reaper  
  24  2:36  SCV  
  26  2:47  Command Center  
  26  2:50  SCV  
  27  2:54  Reaper  
  28  3:00  Hellion  
  28  3:02  SCV  
  31  3:11  Supply Depot  
  31  3:16  Starport  
  31  3:22  SCV  
  30  3:32  Cyclone  
  30  3:33  Barracks Reactor  
  32  3:34  SCV  
  33  3:46  SCV  
  34  3:52  Medivac  
  36  3:58  SCV  
  36  3:59  Orbital Command  
  36  4:01  Refinery  
  37  4:04  Cyclone  
  39  4:11  SCV  
  40  4:23  SCV, Viking  
  40  4:25  SCV  
  41  4:35  SCV  
  41  4:37  SCV  
  41  4:38  Factory Tech Lab  
  43  4:47  SCV  
  43  4:49  Supply Depot, SCV  
  43  4:51  Refinery  
  47  4:59  SCV  
  45  5:01  SCV  
  45  5:03  Siege Tank  
  45  5:06  Viking x2  
  52  5:10  Supply Depot  
  52  5:11  SCV, Marine  
  52  5:13  SCV  
  55  5:16  Starport  
  55  5:23  SCV  
  55  5:25  SCV  
  56  5:33  Marine  
  58  5:35  SCV  
  58  5:36  Viking x2  
  58  5:37  SCV  
  63  5:47  SCV  
  63  5:49  Supply Depot, SCV  
  71  5:58  Supply Depot  
  71  5:59  SCV  
Show
View Real Time Build Order
Export as new Build Order

Oliveira Terran 

Build Orders: Cyclone Opening, Reaper Expand 

Get SALT Encoding   

  12  0:01  SCV  
  13  0:13  SCV  
  14  0:17  Supply Depot  
  14  0:25  SCV  
  15  0:38  SCV  
  15  0:40  Barracks  
  16  0:44  Refinery  
  16  0:50  SCV  
  17  1:03  SCV  
  18  1:15  SCV  
  19  1:27  Reaper  
  19  1:28  Orbital Command  
  20  1:40  Command Center  
  20  1:48  Supply Depot  
  20  1:53  SCV  
  21  1:59  Marine  
  22  2:06  SCV  
  23  2:09  Factory  
  23  2:17  Marine  
  23  2:18  SCV  
  25  2:23  Refinery  
  25  2:33  SCV  
  25  2:35  Marine  
  27  2:46  SCV  
  28  2:52  Cyclone  
  28  2:53  Orbital Command  
  28  2:57  Starport  
  30  3:01  SCV  
  29  3:12  Barracks Reactor  
  27  3:13  SCV  
  27  3:19  SCV  
  29  3:29  Factory Tech Lab  
  29  3:30  SCV  
  29  3:31  Orbital Command  
  30  3:42  SCV  
  30  3:48  Siege Tank, Marine x2  
  34  3:49  Refinery  
  34  3:50  Viking  
  34  3:54  SCV  
  37  3:56  SCV  
  37  3:58  Supply Depot  
  38  4:05  Marine x2  
  38  4:06  SCV  
  38  4:08  SCV  
  40  4:18  SCV  
  40  4:21  SCV, Siege Tank  
  44  4:30  Marine x2  
  46  4:34  SCV  
  46  4:38  Supply Depot  
  46  4:41  Medivac  
  46  4:42  SCV  
  49  4:47  SCV, Marine x2  
  52  4:54  SCV  
  52  4:59  SCV  
  54  5:02  Siege Tank  
  54  5:06  SCV  
  58  5:09  Supply Depot  
  58  5:12  SCV  
  59  5:19  SCV  
  59  5:27  Viking  
  61  5:30  Supply Depot, Viking  
  61  5:31  Barracks Tech Lab  
  61  5:34  SCV  
  64  5:39  Siege Tank  
  64  5:40  SCV  
  58  5:50  Starport  
  58  5:52  Refinery  
  58  5:53  SCV x2  
  62  6:04  Supply Depot  
Tags
 
Add a new tag
Caveats
  • Supply blocks, unpowered buildings, or Contaminate may cause inaccurate times.
  • Supply counts are checked every 10 seconds.